AA
OKLAHOMA CITY 89'ERS @ FREDERICK STARS
04/29/2060
 
TOP OF THE 1ST
Oklahoma City 89'ers batting - Pitching for Frederick Stars : RHP Andy Wilson
Pitching: RHP Andy Wilson
Batting: RHB Tyson Axtell 0-0: Ball
1-0: Ball
2-0: Called Strike
2-1: Ball
3-1: Foul Ball, location: 2F
3-2: Foul Ball, location: 2F
3-2: Strikes out looking
Batting: RHB Christopher Rasmussen 0-0: Called Strike
0-1: Ground out 5-3 (Groundball, 56, EV 103.8 MPH)
Batting: LHB Adrien Davis 0-0: Foul Ball, location: 2F
0-1: Swinging Strike
0-2: Ball
1-2: Foul Ball, location: 2F
1-2: Ball
2-2: Ball
3-2: Fly out, F7 (Flyball, 7, EV 90.0 MPH)
Top of the 1st over - 0 runs, 0 hits, 0 errors, 0 left on base; Oklahoma City 0 - Frederick 0
BOTTOM OF THE 1ST
Frederick Stars batting - Pitching for Oklahoma City 89'ers : RHP Peter Nuckolls
Pitching: RHP Peter Nuckolls
Batting: RHB Mitchell Metz 0-0: Called Strike
0-1: Swinging Strike
0-2: Strikes out swinging
Batting: RHB Dalton Seaton 0-0: Swinging Strike
0-1: Ball
1-1: Called Strike
1-2: Strikes out swinging
Batting: RHB Isaiah Peterson 0-0: Fly out, F8 (Flyball, 8RXD, EV 91.2 MPH)
Bottom of the 1st over - 0 runs, 0 hits, 0 errors, 0 left on base; Oklahoma City 0 - Frederick 0
TOP OF THE 2ND
Oklahoma City 89'ers batting - Pitching for Frederick Stars : RHP Andy Wilson
Batting: RHB Joseph Skehan 0-0: Called Strike
0-1: Swinging Strike
0-2: Ball
1-2: Foul Ball, location: 2F
1-2: Strikes out swinging
Batting: RHB Logan Michalski 0-0: Ball
1-0: Ball
2-0: Ball
3-0: Called Strike
3-1: Ground out 6-3 (Groundball, 6, EV 86.9 MPH)
Batting: RHB Roger D'Andrea 0-0: Ball
1-0: Called Strike
1-1: Ground out 4-3 (Groundball, 4, EV 90.6 MPH)
Top of the 2nd over - 0 runs, 0 hits, 0 errors, 0 left on base; Oklahoma City 0 - Frederick 0
BOTTOM OF THE 2ND
Frederick Stars batting - Pitching for Oklahoma City 89'ers : RHP Peter Nuckolls
Batting: LHB Steven Widerman 0-0: Ball
1-0: Foul Ball, location: 2F
1-1: Swinging Strike
1-2: Ball
2-2: Foul Ball, location: 2F
2-2: Ball
3-2: Strikes out swinging
Batting: RHB Fabyon Choi 0-0: Ball
1-0: Foul Ball, location: 2F
1-1: Ball
2-1: Ball
3-1: Swinging Strike
3-2: Base on Balls
Batting: RHB Furman Mendoza 0-0: Called Strike
0-1: Fly out, F8 (Flyball, 8RD, EV 89.4 MPH)
Batting: RHB Abraham Koziarz 0-0: Called Strike
0-1: Called Strike
0-2: Foul Ball, location: 2F
0-2: Ball
1-2: Foul Ball, location: 2F
1-2: Foul Ball, location: 2F
1-2: Ground out U3 (Groundball, 3L, EV 106.2 MPH)
Bottom of the 2nd over - 0 runs, 0 hits, 0 errors, 1 left on base; Oklahoma City 0 - Frederick 0
TOP OF THE 3RD
Oklahoma City 89'ers batting - Pitching for Frederick Stars : RHP Andy Wilson
Batting: LHB Alvan Goldsmith 0-0: Called Strike
0-1: Swinging Strike
0-2: Ball
1-2: Ball
2-2: Strikes out swinging
Batting: RHB Shannon Cox 0-0: Swinging Strike
0-1: Foul Ball, location: 2F
0-2: Ball
1-2: Strikes out looking
Batting: SHB Sage Reinisch 0-0: Called Strike
0-1: Ball
1-1: Ball
2-1: Fly out, F6 (Popup, 6D, EV 55.0 MPH)
Top of the 3rd over - 0 runs, 0 hits, 0 errors, 0 left on base; Oklahoma City 0 - Frederick 0
BOTTOM OF THE 3RD
Frederick Stars batting - Pitching for Oklahoma City 89'ers : RHP Peter Nuckolls
Batting: RHB Carston Abidugun 0-0: Ball
1-0: SINGLE (Groundball, 4MD, EV 102.5 MPH)
Batting: LHB Harrison Ruto 0-0: Grounds into double play, 4-6-3 (Groundball, 4S, EV 88.1 MPH)
Batting: RHB Mitchell Metz 0-0: Called Strike
0-1: Foul Ball, location: 2F
0-2: Strikes out swinging
Bottom of the 3rd over - 0 runs, 1 hit, 0 errors, 0 left on base; Oklahoma City 0 - Frederick 0
TOP OF THE 4TH
Oklahoma City 89'ers batting - Pitching for Frederick Stars : RHP Andy Wilson
Batting: RHB Tyson Axtell 0-0: Called Strike
0-1: Foul Ball, location: 2F
0-2: Ball
1-2: SINGLE (Line Drive, 7S, EV 102.5 MPH)
Batting: RHB Christopher Rasmussen 0-0: Called Strike
0-1: Ball
1-1: Called Strike
1-2: Strikes out swinging
Batting: LHB Adrien Davis 0-0: Called Strike
Tyson Axtell is caught stealing 2nd base 2-6
0-1: Called Strike
0-2: Strikes out swinging
Top of the 4th over - 0 runs, 1 hit, 0 errors, 0 left on base; Oklahoma City 0 - Frederick 0
BOTTOM OF THE 4TH
Frederick Stars batting - Pitching for Oklahoma City 89'ers : RHP Peter Nuckolls
Batting: RHB Dalton Seaton 0-0: Foul Ball, location: 2F
0-1: Foul Ball, location: 2F
0-2: Strikes out looking
Batting: RHB Isaiah Peterson 0-0: Called Strike
0-1: Foul Ball, location: 2F
0-2: Strikes out swinging
Batting: LHB Steven Widerman 0-0: Fly out, F5 (Popup, 5SF, EV 78.8 MPH)
Bottom of the 4th over - 0 runs, 0 hits, 0 errors, 0 left on base; Oklahoma City 0 - Frederick 0
TOP OF THE 5TH
Oklahoma City 89'ers batting - Pitching for Frederick Stars : RHP Andy Wilson
Batting: RHB Joseph Skehan 0-0: Swinging Strike
0-1: Ball
1-1: Ground out 6-3 (Groundball, 56, EV 76.2 MPH)
Batting: RHB Logan Michalski 0-0: Ball
1-0: Ball
2-0: Ball
3-0: Called Strike
3-1: Called Strike
3-2: DOUBLE (Flyball, 9LM, EV 103.8 MPH) - OUT at third base trying to stretch hit.
Batting: RHB Roger D'Andrea 0-0: Ball
1-0: Called Strike
1-1: Ground out 6-3 (Groundball, 6, EV 78.1 MPH)
Top of the 5th over - 0 runs, 1 hit, 0 errors, 0 left on base; Oklahoma City 0 - Frederick 0
BOTTOM OF THE 5TH
Frederick Stars batting - Pitching for Oklahoma City 89'ers : RHP Peter Nuckolls
Batting: RHB Fabyon Choi 0-0: Ball
1-0: Called Strike
1-1: Ball
2-1: Called Strike
2-2: Ball
3-2: Foul Ball, location: 2F
3-2: Base on Balls
Batting: RHB Furman Mendoza 0-0: Called Strike
0-1: Ball
1-1: Foul Ball, location: 2F
Pickoff Throw to First - Out! 1-3
1-2: Foul Ball, location: 2F
1-2: Foul Ball, location: 2F
1-2: SINGLE (Line Drive, 34D, EV 102.5 MPH)
Batting: RHB Abraham Koziarz 0-0: Swinging Strike
0-1: Ball
1-1: Grounds into double play, 6-4-3 (Groundball, 6, EV 83.8 MPH)
Bottom of the 5th over - 0 runs, 1 hit, 0 errors, 0 left on base; Oklahoma City 0 - Frederick 0
TOP OF THE 6TH
Oklahoma City 89'ers batting - Pitching for Frederick Stars : RHP Andy Wilson
Batting: LHB Alvan Goldsmith 0-0: Ball
1-0: Called Strike
1-1: Fly out, F9 (Flyball, 89M, EV 81.2 MPH)
Pitching: RHP Elias Krause
Batting: RHB Shannon Cox 0-0: Bunted foul
0-1: Ball
1-1: Called Strike
1-2: Foul Ball, location: 2F
1-2: SINGLE (Groundball, 4D, EV 101.9 MPH)
Batting: SHB Sage Reinisch 0-0: Called Strike
0-1: Ball
1-1: Called Strike
1-2: Foul Ball, location: 2F
1-2: Ball
2-2: Strikes out swinging
Shannon Cox steals 2nd base
Batter strikes out.
Batting: RHB Tyson Axtell 0-0: Swinging Strike
0-1: Ball
1-1: Foul Ball, location: 2F
1-2: Fly out, F8 (Flyball, 8LM, EV 77.5 MPH)
Top of the 6th over - 0 runs, 1 hit, 0 errors, 1 left on base; Oklahoma City 0 - Frederick 0
BOTTOM OF THE 6TH
Frederick Stars batting - Pitching for Oklahoma City 89'ers : RHP Peter Nuckolls
Batting: RHB Carston Abidugun 0-0: Called Strike
0-1: Ground out 5-3 (Groundball, 5, EV 101.9 MPH)
Batting: LHB Harrison Ruto 0-0: Called Strike
0-1: Called Strike
0-2: Foul Ball, location: 2F
0-2: Ball
1-2: Ball
2-2: Ball
3-2: Ground out 4-3 (Groundball, 4, EV 98.1 MPH)
Batting: RHB Mitchell Metz 0-0: Ball
1-0: Foul Ball, location: 2F
1-1: Ball
2-1: Ball
3-1: Called Strike
3-2: Base on Balls
Batting: RHB Dalton Seaton 0-0: Ball
1-0: Swinging Strike
1-1: Called Strike
1-2: Ball
2-2: Foul Ball, location: 2F
2-2: Foul Ball, location: 2F
2-2: Ball
3-2: Base on Balls
Mitchell Metz to second
Batting: RHB Isaiah Peterson 0-0: Ball
1-0: 3-RUN HOME RUN (Flyball, 9D, EV 93.1 MPH), Distance : 355 ft
Batting: LHB Steven Widerman 0-0: Foul Ball, location: 2F
0-1: SINGLE (Groundball, 4MD, EV 100.0 MPH)
Batting: RHB Fabyon Choi 0-0: Ball
1-0: Foul Ball, location: 2F
1-1: Called Strike
1-2: Strikes out looking
Bottom of the 6th over - 3 runs, 2 hits, 0 errors, 1 left on base; Oklahoma City 0 - Frederick 3
TOP OF THE 7TH
Oklahoma City 89'ers batting - Pitching for Frederick Stars : RHP Elias Krause
Batting: RHB Christopher Rasmussen 0-0: Fly out, F8 (Flyball, 8RD, EV 78.8 MPH)
Batting: LHB Adrien Davis 0-0: Ground out U3 (Groundball, 3, EV 84.4 MPH)
Batting: RHB Joseph Skehan 0-0: Called Strike
0-1: Ball
1-1: Called Strike
1-2: Ball
2-2: Foul Ball, location: 2F
2-2: Foul Ball, location: 2F
2-2: Ball
3-2: SINGLE (Groundball, 6MD, EV 100.0 MPH)
Pitching: RHP Chase Tucker
Batting: RHB Logan Michalski 0-0: Ball
1-0: Called Strike
1-1: Ball
2-1: Fly out, F4 (Flyball, 4D, EV 96.2 MPH)
Top of the 7th over - 0 runs, 1 hit, 0 errors, 1 left on base; Oklahoma City 0 - Frederick 3
BOTTOM OF THE 7TH
Frederick Stars batting - Pitching for Oklahoma City 89'ers : RHP Peter Nuckolls
Batting: RHB Furman Mendoza 0-0: Ball
1-0: Called Strike
1-1: Swinging Strike
1-2: Ball
2-2: Ball
3-2: Strikes out swinging
Batting: RHB Abraham Koziarz 0-0: Swinging Strike
0-1: Ball
1-1: Ball
2-1: Ball
3-1: Foul Ball, location: 2F
3-2: Strikes out swinging
Batting: RHB Carston Abidugun 0-0: Ball
1-0: Called Strike
1-1: Foul Ball, location: 2F
1-2: Strikes out swinging
Bottom of the 7th over - 0 runs, 0 hits, 0 errors, 0 left on base; Oklahoma City 0 - Frederick 3
TOP OF THE 8TH
Oklahoma City 89'ers batting - Pitching for Frederick Stars : RHP Chase Tucker
Batting: RHB Roger D'Andrea 0-0: Reached via error on a dropped throw from 1B, E1 (Groundball, 34, EV 105.6 MPH)
Batting: LHB Alvan Goldsmith 0-0: Ball
1-0: Called Strike
1-1: Ball
2-1: Ball
3-1: Base on Balls
Roger D'Andrea to second
Batting: RHB Shannon Cox 0-0: Called Strike
0-1: Fielders Choice at 2nd, 4-6 (Groundball, 4M, EV 86.2 MPH)
Roger D'Andrea to third
Batting: SHB Sage Reinisch 0-0: Ball
1-0: Fly out, F9 (Flyball, 9, EV 85.6 MPH)
Runner from 3rd tags up, SCORES, no throw by RF
Batting: RHB Tyson Axtell 0-0: Called Strike
0-1: Ball
1-1: Called Strike
1-2: SINGLE (Groundball, 5D, EV 96.9 MPH)
Shannon Cox to second
Batting: RHB Christopher Rasmussen 0-0: Ball
1-0: Ball
2-0: Called Strike
2-1: Foul Ball, location: 2F
2-2: Ball
3-2: Strikes out swinging
Top of the 8th over - 1 run, 1 hit, 1 error, 2 left on base; Oklahoma City 1 - Frederick 3
BOTTOM OF THE 8TH
Frederick Stars batting - Pitching for Oklahoma City 89'ers : RHP Peter Nuckolls
Pitching: RHP Kaleb Guth
Batting: LHB Harrison Ruto 0-0: Called Strike
0-1: Called Strike
0-2: Ball
1-2: SINGLE (Line Drive, 78M, EV 89.4 MPH)
Batting: RHB Mitchell Metz 0-0: Fielders Choice at 2nd, 6-4 (Groundball, 6S, EV 86.2 MPH)
Batting: RHB Dalton Seaton 0-0: Ball
1-0: Ball
Mitchell Metz steals 2nd base
2-0: Called Strike
2-1: Fly out, F7 (Flyball, 7, EV 76.9 MPH)
Batting: RHB Isaiah Peterson 0-0: Called Strike
0-1: Ball
1-1: Foul Ball, location: 2F
1-2: Strikes out swinging
Bottom of the 8th over - 0 runs, 1 hit, 0 errors, 1 left on base; Oklahoma City 1 - Frederick 3
TOP OF THE 9TH
Oklahoma City 89'ers batting - Pitching for Frederick Stars : RHP Chase Tucker
Batting: LHB Adrien Davis 0-0: Ball
1-0: Ground out 4-3 (Groundball, 4D, EV 105.6 MPH)
Batting: RHB Joseph Skehan 0-0: Ball
1-0: Foul Ball, location: 2F
1-1: Ground out 6-3 (Groundball, 6, EV 109.4 MPH)
Batting: RHB Logan Michalski 0-0: Ball
1-0: Fly out, F7 (Line Drive, 7S, EV 104.4 MPH)
Top of the 9th over - 0 runs, 0 hits, 0 errors, 0 left on base; Oklahoma City 1 - Frederick 3
Monday, April 29th , 2024 - OOTP Baseball 23.10 Build 110